 Dungeon Crawl Stone Soup version 0.19-a0-1195-ge0bab27 (webtiles) character file.

99 Gelly3 the Charmwright (level 4, 0/33 HPs)
             Began as a Merfolk Skald on Aug 19, 2016.
             Slain by a black bear (7 damage)
             ... on level 5 of the Dungeon.
             The game lasted 00:07:51 (3152 turns).

Gelly3 the Charmwright (Merfolk Skald)              Turns: 3152, Time: 00:07:52

Health: 0/33       AC:  3    Str: 17    XL:     4   Next: 72%
Magic:  7/7        EV: 11    Int: 11    God:
Gold:   145        SH:  0    Dex: 14    Spells: 3 memorised, 1 level left

rFire  . . .     SeeInvis +     x - +1 short sword (elec)
rCold  . . .     Gourm    .     b - +0 leather armour
rNeg   . . .     Faith    .     (no shield)
rPois  .         Spirit   .     (no helmet)
rElec  .         Dismiss  .     (no cloak)
rCorr  .         Reflect  .     (no gloves)
MR     .....     Harm     .     (no boots)
Stlth  +.........               (no amulet)
                                (no ring)
                                s - ring of see invisible {sInv, !d}

@: mighty, very slightly contaminated, hasted, very quick
A: change form in water, swift swim
a: no special abilities


You were on level 5 of the Dungeon.
You were not hungry.

You visited 1 branch of the dungeon, and saw 4 of its levels.

You collected 145 gold pieces.

Inventory:

Hand Weapons
 a - a +0 falchion
 x - a +1 short sword of electrocution (weapon)
   (You took it off an orc priest on level 3 of the Dungeon)
Armour
 b - a +0 leather armour (worn)
 n - a +0 leather armour
   (You found it on level 1 of the Dungeon)
 r - a +0 plate armour
   (You found it on level 3 of the Dungeon)
Jewellery
 s - a ring of see invisible (left hand) {sInv, !d}
   (You found it on level 2 of the Dungeon)
Wands
 i - a wand of random effects (8/48)
   (You found it on level 2 of the Dungeon)
Scrolls
 p - a scroll of identify
 q - a scroll of remove curse
 u - a scroll of noise {!r}
Potions
 f - a potion of heal wounds {unknown}
 j - a potion of haste
 l - a potion of resistance {unknown}
 v - a potion of brilliance {unknown}
 z - a potion of flight {unknown}
Books
 c - a book of Battle
Comestibles
 d - 3 bread rations
 g - a slice of pizza
 k - 4 fruits
 o - 2 meat rations
 t - a royal jelly
 w - 3 chunks of flesh


   Skills:
 - Level 2.1 Fighting
 - Level 4.0 Long Blades
 - Level 0.6 Armour
 - Level 1.3 Dodging
 - Level 2.0 Spellcasting
 + Level 4.7 Charms


You had one spell level left.
You knew the following spells:

 Your Spells              Type           Power        Failure   Level  Hunger
a - Infusion              Chrm           ##..         6%          1    ##.....
s - Shroud of Golubria    Chrm/Tloc      #.........   24%         2    ###....
z - Spectral Weapon       Hex/Chrm       #.......     45%         3    ####...


Dungeon Overview and Level Annotations

Branches:
Dungeon (3/15)

Altars:


Message History

Ye hear an angry hiss.
As ye read tha scroll labeled HYNTI EGARCHYH, it crumbles ta dust.
Ye assume a fearsome visage.
Tha ogre looks frighten'd! x2
It was a scroll o' fear.
As ye read tha scroll labeled HYVEHO BOLO, it crumbles ta dust.
Ye feel aware o' yer surroundin's.
It was a scroll o' magic mappin'.
As ye read tha scroll labeled JOTOMILOUS, it crumbles ta dust.
It be a scroll o' identify.
i - a wand o' random effects (20/48)
A sky beast comes inta view.
Tha sky beast flickers outta sight fer a momn't.
An ogre comes inta view.
It be wieldin' a giant club.
Tha ogre shouts!
Tha sky beast closely misses ye.
Evoke which item? (* ta show all) (? fer menu, 'sc ta quit) Zappin':
i - a wand o' random effects (20/48)
Press: ? - help, Shift-Dir - straight line, f - ogre
Aim: an ogre, wieldin' a giant club Tha sky beast evaporates an' reforms as a wyvern! 'tis wand has 19 charges left.
Tha wyvern closely misses ye.
Evoke which item? (* ta show all) (? fer menu, 'sc ta quit) Zappin':
i - a wand o' random effects (19/48)
Press: ? - help, Shift-Dir - straight line, f/p - ogre
Aim: an ogre, wieldin' a giant club Tha wyvern resists wit' some effort. 'tis wand has 18 charges left.
Tha wyvern barely misses ye.
Evoke which item? (* ta show all) (? fer menu, 'sc ta quit) Zappin':
i - a wand o' random effects (18/48)
Press: ? - help, Shift-Dir - straight line, f/p - ogre
Aim: an ogre, wieldin' a giant club Tha wyvern resists wit' some effort. 'tis wand has 17 charges left.
Tha wyvern bites ye!
Tha wyvern bites ye.
Evoke which item? (* ta show all) (? fer menu, 'sc ta quit) Zappin':
i - a wand o' random effects (17/48)
Press: ? - help, Shift-Dir - straight line, f/p - ogre
Aim: an ogre, wieldin' a giant club Tha wyvern seems ta speed up. 'tis wand has 16 charges left.
Tha wyvern barely misses ye.
Tha wyvern bites ye!
* * * LOW HITPOINT WARNIN'
* * * Evoke which item? (* ta show all) (? fer menu, 'sc ta quit) Zappin':
i - a wand o' random effects (16/48)
Press: ? - help, Shift-Dir - straight line, f/p - ogre
Aim: an ogre, wieldin' a giant club Tha wyvern be charmed. 'tis wand has 15 charges left.
Tha ogre hits yer wyvern wit' a giant club!!
It was a potion o' haste.
Ye feel yerself speed up.
Tha ogre hits yer wyvern wit' a giant club!
Yer wyvern dies!
Tha ogre looks more 'sperienced.
Ye be very lightly contaminated wit' residual magic.
Evoke which item? (* ta show all) (? fer menu, 'sc ta quit) Zappin':
i - a wand o' random effects (15/48)
Press: ? - help, Shift-Dir - straight line, f/p - ogre
Aim: an ogre, wieldin' a giant club Tha ogre flickers an' vanishes fer a momn't. 'tis wand has 14 charges left.
Evoke which item? (* ta show all) (? fer menu, 'sc ta quit) Zappin':
i - a wand o' random effects (14/48)
Press: ? - help, Shift-Dir - straight line, f/p - ogre
Aim: an ogre, wieldin' a giant club (slightly transparent) Nuthin' appears ta happ'n. 'tis wand has 13 charges left.
Evoke which item? (* ta show all) (? fer menu, 'sc ta quit) Zappin':
i - a wand o' random effects (13/48)
Press: ? - help, Shift-Dir - straight line, f/p - ogre
Aim: an ogre, wieldin' a giant club (slightly transparent) Tha ogre resists wit' some effort. 'tis wand has 12 charges left.
Tha ogre misses ye.
Okay, than.
Tha ogre shouts!
Evoke which item? (* ta show all) (? fer menu, 'sc ta quit) Zappin':
i - a wand o' random effects (12/48)
Press: ? - help, Shift-Dir - straight line, f/p - ogre
Aim: an ogre, wieldin' a giant club (slightly transparent) Tha ogre resists wit' some effort. 'tis wand has 11 charges left.
Evoke which item? (* ta show all) (? fer menu, 'sc ta quit) Zappin':
i - a wand o' random effects (11/48)
Press: ? - help, Shift-Dir - straight line, f/p - ogre
Aim: an ogre, wieldin' a giant club (slightly transparent) Tha ogre seems ta speed up. 'tis wand has 10 charges left.
Evoke which item? (* ta show all) (? fer menu, 'sc ta quit) Zappin':
i - a wand o' random effects (10/48)
Press: ? - help, Shift-Dir - straight line, f/p - ogre
Aim: an ogre, wieldin' a giant club (fast, slightly transparent) Tha ogre resists wit' some effort. 'tis wand has 9 charges left.
Tha ogre hits ye wit' a giant club.
* * * LOW HITPOINT WARNIN'
* * * Evoke which item? (* ta show all) (? fer menu, 'sc ta quit) Zappin':
i - a wand o' random effects (9/48)
Press: ? - help, Shift-Dir - straight line, f/p - ogre
Aim: an ogre, wieldin' a giant club (fast, slightly transparent) Tha ogre evaporates an' reforms as a black bear! 'tis wand has 8 charges left.
It was a potion o' curin'.
Ye feel better.
Tha black bear barely misses ye.
Tha black bear claws ye. x2
* * * LOW HITPOINT WARNIN'
* * * Tha ogre barely misses ye.
It was a potion o' might.
Ye feel very mighty all o' a sudd'n.
Tha black bear bites ye!
Ye die...

,* **,** #.## ,* *,,,###
#..# ,* *,,,..# ##.# ,*
*,,,#.# #.# <* ****#.#
#.# ,* #.# #.# ,* #.# #.#
,***#**** #O# #.#
,,,,....########@# #.#
,**,...........h.# #.#
,**,.....###.##### #.#
,**,...,,**#.ยง...# #.#
,**,.,,,*,*#.###.####.###
***,,,,,**...# #........#
*,,****#.### ######.#.#
*,,** *#.* #.#.#
*,*,***.** #.#,#


You could see a black bear and an ogre.

Vanquished Creatures
  An orc priest (D:3)
  2 adders (D:2)
  A dart slug (D:3)
  4 giant geckos
  4 orcs (D:2)
  A bat (D:2)
  5 giant cockroaches
  2 goblins
  7 hobgoblins
  2 jackals (D:2)
  A quokka (D:2)
  4 giant newts
  3 kobolds
  4 rats
41 creatures vanquished.

Vanquished Creatures (others)
  A wyvern (D:5)
1 creature vanquished.

Grand Total: 42 creatures vanquished

Notes
Turn   | Place    | Note
-------+----------+-------------------------------------------
     0 | D:1      | Gelly3 the Merfolk Skald began the quest for the Orb.
     0 | D:1      | Reached XP level 1. HP: 16/16 MP: 3/3
   206 | D:1      | Reached XP level 2. HP: 19/22 MP: 5/5
   316 | D:1      | Reached skill level 3 in Long Blades
   494 | D:1      | Learned a level 2 spell: Shroud of Golubria
  1022 | D:2      | Reached XP level 3. HP: 15/27 MP: 6/6
  1513 | D:2      | Reached skill level 4 in Long Blades
  2143 | D:2      | Learned a level 3 spell: Spectral Weapon
  2310 | D:3      | Reached skill level 4 in Charms
  2310 | D:3      | Reached XP level 4. HP: 31/33 MP: 7/7
  2327 | D:3      | HP: 8/33 [orc priest/divine providence (11)]
  3091 | D:3      | You fall through a shaft for 2 floors!
  3091 | D:5      | Entered Level 5 of the Dungeon
  3091 | D:5      | Noticed an ogre
  3091 | D:5      | Noticed an ogre
  3120 | D:5      | Noticed a sky beast
  3131 | D:5      | Noticed an ogre
  3136 | D:5      | Noticed a wyvern
  3136 | D:5      | a sky beast changed into a wyvern
  3139 | D:5      | HP: 7/33 [wyvern (7)]
  3149 | D:5      | HP: 3/33 [ogre/giant club (5)]
  3150 | D:5      | Noticed a black bear
  3150 | D:5      | an ogre changed into a black bear
  3152 | D:5      | Slain by a black bear

Vault maps used:
D:1:      minmay_arrival_shattered_statue, minmay_misc_feat_x, glass_columns_a,
          hangedman_abyss_or_decor_lesser_grid
D:2:      first_bread
D:5:      uniq_grinder

Skill      XL: |  1  2  3 |
---------------+----------+-----
Long Blades    | 3 4 |  4.0
Charms         | 4 |  4.7
Fighting       | |  2.1
Armour         | |  0.6
Dodging        | |  1.3
Spellcasting   | |  2.0

Action                   |  1- 3 |  4- 6 || total
-------------------------+-------+-------++-------
Melee: Falchion          |   134 |    33 ||   167
       Short sword       |       |    13 ||    13
 Cast: Shroud of Golubri |     3 |     4 ||     7
       Infusion          |     1 |       ||     1
Evoke: Wand              |     1 |    12 ||    13
  Use: Scroll            |       |     5 ||     5
       Potion            |       |     3 ||     3
 Stab: Sleeping          |     1 |       ||     1
       Distracted        |     1 |       ||     1
  Eat: Chunk             |     5 |     3 ||     8
Armor: Leather armour    |    10 |     6 ||    16
Dodge: Dodged            |    72 |    25 ||    97

Vault maps used:
D:1:      minmay_arrival_shattered_statue, minmay_misc_feat_x, glass_columns_a,
          hangedman_abyss_or_decor_lesser_grid
D:2:      first_bread
D:5:      uniq_grinder

Table legend:
 A = Turns spent in this place as a percentage of turns spent in the entire game.
 B = Non-inter-level travel turns spent in this place as a percentage of non-inter-level travel turns spent in the entire game.
 C = Inter-level travel turns spent in this place as a percentage of turns spent in this place.
 D = Turns resting spent in this place as a percentage of non-inter-level travel turns spent in this place.
 E = Turns spent auto-exploring this place as a percentage of non-inter-level travel turns spent in this place.
 F = Non-inter-level travel turns spent in this place divided by the number of levels of this place that you've seen.
                   A       B       C       D       E      F
               +-------+-------+-------+-------+-------+----------------------
         Total | 100.0 | 100.0 |   0.6 |   7.1 |   8.5 | 173.0
       Dungeon | 100.0 | 100.0 |   0.6 |   7.1 |   8.5 | 173.0
               +-------+-------+-------+-------+-------+----------------------

Table legend:
 A = Kills in this place as a percentage of kills in entire the game.
 B = Kills by you in this place as a percentage of kills by you in the entire game.
 C = Kills by friends in this place as a percentage of kills by friends in the entire game.
 D = Other kills in this place as a percentage of other kills in the entire game.
 E = Experience gained in this place as a percentage of experience gained in the entire game.
 F = Experience gained in this place divided by the number of levels of this place that you have seen.
                   A       B       C       D       E      F
               +-------+-------+-------+-------+-------+----------------------
         Total | 100.0 | 100.0 |  -nan |  -nan | 100.0 |  35.5
       Dungeon | 100.0 | 100.0 |  -nan |  -nan | 100.0 |  35.5
               +-------+-------+-------+-------+-------+----------------------
